 Dungeon Crawl Stone Soup version 0.20.1-1-g8b1a95d (webtiles) character file.

91 froobite the Slasher (level 4, 0/41 HPs)
             Began as a Minotaur Berserker on Aug 2, 2017.
             Was a Believer of Trog.
             Succumbed to an adder's poison
             ... on level 2 of the Dungeon.
             The game lasted 00:02:58 (782 turns).

froobite the Slasher (Minotaur Berserker)            Turns: 782, Time: 00:02:58

Health: 0/41       AC:  3    Str: 23    XL:     4   Next: 34%
Magic:  3/3        EV:  9    Int:  4    God:    Trog [**....]
Gold:   88         SH:  7    Dex:  9    Spells: 3/3 levels left

rFire    . . .     SeeInvis .   a - +0 falchion
rCold    . . .     Gourm    .   l - +0 shield
rNeg     . . .     Faith    .   f - +0 leather armour
rPois    .         Spirit   .   (helmet restricted)
rElec    .         Reflect  .   (no cloak)
rCorr    .         Harm     .   (no gloves)
MR       .....                  (no boots)
Stlth    +.........             (no amulet)
Regen    0.2/turn               (no ring)
MPRegen  0.1/turn               (no ring)

@: lethally poisoned (0 -> -5), berserk cooldown, slowed, very slow
A: retaliatory headbutt, horns 2
a: Berserk, Trog's Hand, Burn Spellbooks, Renounce Religion


You were on level 2 of the Dungeon.
You worshipped Trog.
Trog was pleased with you.
You were hungry.

You visited 1 branch of the dungeon, and saw 2 of its levels.

You collected 88 gold pieces.

Inventory:

Hand Weapons
 a - a +0 falchion (weapon)
Armour
 b - a +0 animal skin
 f - a +0 leather armour (worn)
 l - a +0 shield (worn)
Scrolls
 d - 2 scrolls of remove curse {unknown}
 g - 2 scrolls of identify {unknown}
 h - a scroll of random uselessness {unknown}
 j - a scroll of immolation {unknown}
Potions
 e - 2 potions of flight {unknown}
 k - 2 potions of haste {unknown}
 m - 2 potions of mutation {unknown}
 n - a potion of brilliance {unknown}
Comestibles
 c - 3 bread rations
 i - 4 fruits


   Skills:
 + Level 4.4 Fighting
 + Level 4.8 Long Blades
 + Level 3.0 Armour
 + Level 2.9 Dodging
 + Level 0.2 Shields


You had 3 spell levels left.
You didn't know any spells.

Dungeon Overview and Level Annotations

Branches:
Dungeon (2/15)

Altars:


Innate Abilities, Weirdness & Mutations

You reflexively headbutt those who attack you in melee.
You have a pair of horns on your head.


Message History

You slice the adder!!
You kill the adder!
Trog accepts your kill. You block the ball python's attack.
* * * LOW HITPOINT WARNING * * *
The ball python constricts you.
You escape the ball python's grasp.
* * * LOW HITPOINT WARNING * * *
You feel sick.
You slash the ball python!
You kill the ball python!
Trog accepts your kill.
Unknown command.
You feel a strong urge to attack something.
* * * LOW HITPOINT WARNING * * *
You feel sick.
You feel your anger subside.
You are no longer berserk.
You are exhausted.
You feel yourself slow down.
You die...

####### #######.....#
### #.......@...#
####.####.#......#......
...(................####
####.####..#....#.......
#)# #..........#####
####.####..?#..#...#
........##...........
..#####.##...##....#.
..# #......S...$....


There were no monsters in sight!

Vanquished Creatures
  3 gnolls (D:2)
  3 adders (D:2)
  2 dart slugs (D:1)
  A leopard gecko (D:1)
  A ball python (D:2)
  A giant cockroach (D:1)
  5 goblins
  5 hobgoblins
  2 bats (D:1)
  2 frilled lizards (D:1)
  2 kobolds (D:1)
  5 rats (D:1)
32 creatures vanquished.

Notes
Turn   | Place    | Note
-------+----------+-------------------------------------------
     0 | D:1      | froobite the Minotaur Berserker began the quest for the Orb.
     0 | D:1      | Reached XP level 1. HP: 19/19 MP: 0/0
    96 | D:1      | Reached XP level 2. HP: 26/27 MP: 1/1
   589 | D:1      | Reached XP level 3. HP: 27/33 MP: 2/2
   639 | D:2      | Reached ** piety under Trog
   679 | D:2      | Reached XP level 4. HP: 21/41 MP: 3/3
   775 | D:2      | HP: 3/61 [ball python (1)]
   780 | D:2      | HP: 1/61 [poisoned by an adder]
   782 | D:2      | Succumbed to an adder's poison

Skill      XL: |  1  2  3 |
---------------+----------+-----
Fighting       | 4 |  4.4
Long Blades    | 4 |  4.8
Armour         | 3 |  3.0
Dodging        | |  2.9
Shields        | |  0.2

Action                   |  1- 3 |  4- 6 || total
-------------------------+-------+-------++-------
Melee: Falchion          |    46 |    15 ||    61
       Headbutt          |    10 |     1 ||    11
Invok: Berserk           |       |     1 ||     1
Armor: Leather armour    |    20 |     7 ||    27
Dodge: Dodged            |    30 |     6 ||    36
Block: Shield            |     9 |    13 ||    22
       Rpst.: Falchion   |    12 |     2 ||    14
